 Dungeon Crawl Stone Soup version 0.31-a0-981-geadf994542 (webtiles) character file.

Game seed: 14286668781342379708

382 Persephone the Chopper (level 6, -2/37 HPs)
             Began as a Gargoyle Fighter on Oct 31, 2023.
             Killed from afar by an orc wizard (8 damage)
             ... with a magic dart
             ... on level 4 of the Dungeon.
             The game lasted 00:03:41 (2657 turns).

Persephone the Chopper (Gargoyle Fighter)           Turns: 2657, Time: 00:03:42

Health: -2/37      AC: 12    Str: 22    XL:     6   Next: 76%
Magic:  6/6        EV:  9    Int:  8    God:
Gold:   188        SH:  4    Dex:  9    Spells: 5/5 levels left

rFire   . . .        a - +1 war axe
rCold   . . .        c - +0 buckler
rNeg    + . .        b - +1 scale mail
rPois   ∞            (no helmet)
rElec   +            (no cloak)
rCorr   .            (no gloves)
SInv    .            (no boots)
Will    .....        (no amulet) Stlth
                     (no ring)
HPRegen 0.26/turn    (no ring)
MPRegen 0.10/turn

%: no passive effects
@: no status effects
A: sickness immunity, AC +4, negative energy resistance 1, electricity
resistance, torment resistance 1, petrification resistance
a: no special abilities


You were on level 4 of the Dungeon.
You visited 1 branch of the dungeon, and saw 4 of its levels.

You collected 188 gold pieces.

Inventory:

Hand Weapons
 a - a +1 war axe (weapon)
Missiles
 j - 5 boomerangs (quivered)
Armour
 b - a +1 scale mail (worn)
 c - a +0 buckler (worn)
Jewellery
 l - a ring of see invisible
Scrolls
 g - 3 scrolls of identify
Potions
 d - 2 potions of might
 h - a potion of heal wounds
 n - a potion of curing {unknown}


   Skills:
 - Level 3.2 Fighting
 * Level 5.5 Axes
 - Level 3.2 Armour
 + Level 5.0 Shields


You had 5 spell levels left.
You didn't know any spells.
Your spell library contained the following spells:

 Spells                   Type           Power      Damage    Failure   Level
 Dazzling Flash           Conj/Hex       0%         N/A       99%         3
 Ignite Poison            Fire/Tmut/Pois 0%         N/A       99%         3
 Volatile Blastmotes      Fire/Tloc      0%         2d10      99%         3
 Freezing Cloud           Conj/Ice/Air   0%         6-21      100%        5
 Starburst                Conj/Fire      0%         6d3       100%        6
 Maxwell's Capacitive Co  Air            0%         ∞         100%        8
 Cigotuvi's Dreadful Rot  Necr/Pois/Air  Unusable   N/A       N/A         2

Dungeon Overview and Level Annotations

Branches:
Dungeon (4/15)             Temple (0/1) D:4

Altars:
Zin

Shops:
D:4 *


Innate Abilities, Weirdness & Mutations

You are immune to sickness and miasma.
Your stone body is resilient. (AC +4)
You are immune to poison.
You resist negative energy. (rN+)
You are resistant to electric shocks. (rElec)
You are resistant to unholy torment.
You are immune to petrification.


Message History

You closely miss the orc wizard. Something hits you.
The iguana barely misses you. The orc wizard barely misses you.
The orc barely misses you.
You barely miss the orc.
The orc is almost dead.
You hit the orc wizard. You hit something. You closely miss the iguana.
The iguana bites you but does no damage.
The orc wizard hits you but does no damage.
You hear some strange, mumbled words.
A puff of flame appears from out of thin air!
The puff of flame hits you but does no damage.
The orc closely misses you.
You slash the orc!
You kill the orc!
You closely miss the orc wizard. You barely miss something.
You barely miss the iguana. The iguana bites you!
The orc wizard hits you but does no damage.
You hear some strange, mumbled words.
A magic dart appears from out of thin air!
The magic dart hits you.
* * * LOW HITPOINT WARNING * * *
The orc wizard barely misses you. The iguana closely misses you.
Something hits you but does no damage. The orc barely misses you.
You barely miss the orc.
The orc is moderately wounded.
You hit the orc wizard but do no damage.
You barely miss something. You barely miss the iguana.
The orc wizard hits you but does no damage.
The orc hits you with a +0 dagger.
* * * LOW HITPOINT WARNING * * *
Something hits you but does no damage.
The iguana bites you but does no damage.
You miss something. You hit the orc.
You kill the orc!
You hit the orc wizard but do no damage.
You hit the iguana. The iguana bites you.
* * * LOW HITPOINT WARNING * * *
The orc wizard gestures at you while chanting.
The magic dart hits you!
You die...

.....#######.#.# #####.##### #
##...........#.# #.........# #
##..##########+# #.###.###.# #
##..# ##...##.# #.# #.# # ....##
##.....#.# #.###.### # ##.#.##
##........# #.......# #
#....####.........####....#.####
#.......+.....l)o.+..........)..
#....##########@{.####....#.####
##.#.## ##∩.∩.∩#...........#.# #
.....# #........###########.####
##.#.####...⌠...## #.##..
#....#.........# #.##.P
###....##∩.∩.∩## #.....
#..########## ... #. >....# .#.
#. #####.# #.


You could see an iguana and an orc wizard.

Vanquished Creatures
  2 scorpions (D:4)
  Terence (D:2)
  Natasha (thrice) (D:2)
  An iguana (D:3)
  An orc wizard (D:4)
  3 adders
  A worm (D:2)
  3 dart slugs
  5 orcs (D:4)
  3 endoplasms
  5 giant cockroaches
  6 goblins
  9 hobgoblins
  7 quokkas
  8 ball pythons
  5 bats
  4 frilled lizards
  8 kobolds
  9 rats
84 creatures vanquished.

Notes
Turn   | Place    | Note
-------+----------+-------------------------------------------
     0 | D:1      | Persephone the Gargoyle Fighter began the quest for the
                  | Orb.
     0 | D:1      | Reached XP level 1. HP: 14/14 MP: 1/1
    57 | D:1      | Reached XP level 2. HP: 15/19 MP: 2/2
   356 | D:1      | Reached XP level 3. HP: 21/23 MP: 3/3
   951 | D:2      | Noticed Natasha
   955 | D:2      | Killed Natasha
   956 | D:2      | Reached XP level 4. HP: 15/28 MP: 4/4
  1025 | D:2      | Found a glowing silver altar of Zin.
  1035 | D:2      | Noticed Natasha
  1041 | D:2      | Killed Natasha
  1076 | D:2      | Noticed Terence
  1088 | D:2      | Killed Terence
  1089 | D:2      | Reached XP level 5. HP: 18/32 MP: 5/5
  1492 | D:2      | Noticed Natasha
  1500 | D:2      | Killed Natasha
  2387 | D:4      | Reached skill level 5 in Axes
  2387 | D:4      | Reached XP level 6. HP: 26/37 MP: 6/6
  2424 | D:4      | Found a staircase to the Ecumenical Temple.
  2630 | D:4      | Found Vetseo's CLEARANCE SALE!.
  2645 | D:4      | Reached skill level 5 in Shields
  2657 | D:4      | Killed from afar by an orc wizard

Illustrated notes

Levels and vault maps discovered:
D:1:      giann_bridges, layout_basic, st_stairs_5
D:2:      layout_basic, basic_altar, uniq_natasha, uniq_terence
D:3:      layout_loops_cross
D:4:      layout_loops_corners, temple_garden, nicolae_shop_clearance

Skill      XL: |  1  2  3  4  5  6 |
---------------+-------------------+-----
Axes           | 2 3 4 5 |  5.5
Shields        | 4 5 |  5.0
Fighting       | |  3.2
Armour         | |  3.2

Action                     |  1- 3 |  4- 6 || total
---------------------------+-------+-------++-------
  Melee: War axe           |    98 |   151 ||   249
  Throw: Boomerang         |       |     2 ||     2
    Use: Scroll            |       |    10 ||    10
 Armour: Scale mail        |    83 |   129 ||   212
  Dodge: Dodged            |    67 |    84 ||   151
  Block: Buckler           |    25 |    32 ||    57

Table legend: (Time is in decaauts)
 A = Elapsed time spent in this place.
 B = Non-inter-level travel time spent in this place.
 C = Inter-level travel time spent in this place.
 D = Time resting spent in this place.
 E = Time spent auto-exploring this place.
 F = Levels seen in this place.
 G = Mean time per level.
                   A        B        C        D        E       F      G
               +--------+--------+--------+--------+--------+-----+--------+
         Total |   2739 |   2639 |    100 |      0 |   2074 |   4 |  684.8 |
       Dungeon |   2739 |   2639 |    100 |      0 |   2074 |   4 |  684.8 |
               +--------+--------+--------+--------+--------+-----+--------+

Top non-repeatable levels by time:
     D:2: 971 daAuts
     D:1: 803 daAuts
     D:3: 662 daAuts
     D:4: 302 daAuts
